AoeStats
← AndoTheCommando

Arabia

509525524Analyzed
1v1 RM · 5d ago on Sep 27, 2026· 50m 35s· 2 players
Game mode
Random Map
Map size
Tiny (2 player)
Population
200
Speed
Normal
Resources
Standard
Victory
Conquest
Starting age
Dark Age
Ending age
Imperial Age
RankedLock teamsTeams togetherTeam positionsShared explorationLock speedFull tech treeHidden civsTurbo modeCheats
Victory
Defeat
🇨🇦 Vietnamese · Canada
1318
+17
🇦🇺 Varangians · Australia
1341
-17
Mythrender
9:34 Feudal Age
10:38 Double-Bit Axe
11:13 Horse Collar
16:29 Fletching
18:41 Gold Mining
21:44 Castle Age
19:59 Padded Archer Armor
21:07 Scale Barding Armor
21:49 Bloodlines
22:30 Wheelbarrow
22:18 Crossbowman
26:06 Heavy Plow
26:53 Leather Archer Armor
27:00 Stone Mining
27:28 Loom
32:50 Bow Saw
36:57 Imperial Age
34:45 Hand Cart
35:10 Thumb Ring
35:03 Bodkin Arrow
36:40 Chain Barding Armor
36:33 Bloodlines
36:51 Chatras
42:16 Stone Shaft Mining
43:00 Two-Man Saw
41:28 Arbalester
42:34 Bracer
44:33 Hoardings
44:22 Paper Money
45:42 Chemistry
45:03 Ballistics
46:27 Crop Rotation
47:06 Murder Holes
AndoTheCommando
7:03 Loom
9:28 Feudal Age
10:04 Double-Bit Axe
10:38 Horse Collar
12:45 Bloodlines
16:22 Wheelbarrow
18:56 Fletching
23:17 Castle Age
23:25 Scale Barding Armor
23:16 Gold Mining
24:29 Bow Saw
25:25 Chain Barding Armor
26:48 Forging
28:44 Bodkin Arrow
30:48 Husbandry
31:41 Iron Casting
31:28 Padded Archer Armor
33:25 Leather Archer Armor
33:09 Stone Mining
33:21 Elite Skirmisher
34:59 Hand Cart
41:34 Imperial Age
39:21 Vendel Legacy
40:15 Light Cavalry
42:55 Plate Barding Armor
43:49 Blast Furnace
43:40 Cavalier
44:51 Bracer
45:26 Ring Archer Armor
49:39 Chemistry
Connection lost

Rejoining the realm…

Still unreachable

The connection could not be restored.

Session expired

The server has moved on; the page needs a fresh start.